 Dungeon Crawl Stone Soup version 0.14-a0-1876-g927fc3a (webtiles) character file.

178 Piginabag the Ruffian (level 5, 0/38 HPs)
             Began as a Formicid Monk on Jan 15, 2014.
             Killed by divine providence
             ... invoked by an orc priest
              (11 damage)
             ... on Level 3 of the Dungeon.
             The game lasted 00:02:29 (2253 turns).

Piginabag the Ruffian (Formicid Monk)               Turns: 2253, Time: 00:02:30

HP   0/38        AC  7     Str 17      XL: 5   Next: 14%
MP   5/5         EV 10     Int  9      God:
Gold 86          SH  0     Dex 13      Spells:  0 memorised,  4 levels left

rFire  . . .     SeeInvis +       - Unarmed
rCold  . . .     Clarity  .     j - +0 ring mail
rNeg   . . .     Conserve .     (no shield)
rPois  x         rCorr    .     (helmet unavailable)
rElec  .         rRot     .     k - +0 cloak
SustAb . .       Spirit   .     (no gloves)
rMut   .         Warding  .     (no boots)
Saprov . . .     Stasis   +     (no amulet)
MR     .....                    (no ring)
                                (no ring)

@: not resistant to hostile enchantments, unstealthy
A: permanent stasis, dig shafts and tunnels, four strong arms, poison weakness,
antennae 3, exoskeleton 1
a: Dig, Shaft Self


You were on level 3 of the Dungeon.
You were not hungry.

You visited 1 branch of the dungeon, and saw 3 of its levels.

You collected 86 gold pieces.

Inventory:

Armour
 j - a +0 ring mail (worn)
 k - a +0 cloak (worn)
Comestibles
 b - 2 bread rations
Scrolls
 d - a scroll of recharging {unknown}
 e - a scroll of magic mapping {unknown}
 f - a scroll of identify {unknown}
 l - a scroll of curse weapon {unknown}
 m - a scroll of remove curse {unknown}
 o - a scroll of amnesia {unknown}
 q - a scroll of enchant weapon II {unknown}
 r - a scroll of fear {unknown}
Jewellery
 a - a +2 ring of intelligence {unknown}
Potions
 c - 2 potions of invisibility {unknown}
 g - a potion of heal wounds {unknown}
 h - 3 potions of curing {unknown}
 i - 2 potions of cure mutation {unknown}
 n - a potion of brilliance {unknown}
 p - a potion of porridge
 s - 2 potions of speed {unknown}


   Skills:
 + Level 4.0 Fighting
 + Level 1.0 Armour
 + Level 3.9 Dodging
 - Level 2.4 Stealth
 - Level 4.0 Unarmed Combat


You had 4 spell levels left.
You didn't know any spells.

Dungeon Overview and Level Annotations

Branches:
Dungeon (3/16)

Altars:


Innate Abilities, Weirdness & Mutations

Your are under a permanent stasis effect.
You can dig through walls and to a lower floor.
Your four strong arms can wield any weapon, most with a shield.
You are susceptible to poison.
You have a pair of large antennae on your head (SInv).
Your body is surrounded by an exoskeleton. (HP +5, AC +1)


Message History

There are monsters nearby!
The orc closely misses you.
There are monsters nearby!
You closely miss the orc. Your punch misses the orc.
The giant cockroach closely misses you. The orc hits you but does no damage.
The giant cockroach misses you.
The hobgoblin hits you but does no damage.
There are monsters nearby!
You barely miss the orc. The orc hits you.
The orc priest invokes the aid of Beogh against you.
Something smites you!
* * * LOW HITPOINT WARNING * * *
The giant cockroach bites you but does no damage.
There are monsters nearby!
You are too injured to fight recklessly!
There are monsters nearby!
The hobgoblin barely misses you.
The orc priest mumbles some strange prayers to Beogh against you.
Something smites you!
You die...

########## #..........
. #...........
#..#..<.........
#.#............
##..............
..#..#....gs.......
.....#...@o..o.....
... #......o........
..# ##.#.##########
#.# #.#..# #.# {#.##.#
#.## #.##.# ###..
#....# ....# ##.#.%#
#..#######..#.%.....).


You could see an orc priest, 2 orcs, a giant cockroach and a hobgoblin.

Vanquished Creatures
  Ijyb (D:2)
  2 worms
  4 giant geckos (D:2)
  3 giant cockroaches
  7 hobgoblins
  4 jackals (D:3)
  11 kobolds
  A ball python (D:1)
  7 bats
  2 giant newts (D:2)
  7 goblins
  A quokka (D:2)
  7 rats (D:1)
57 creatures vanquished.

Notes
Turn   | Place    | Note
--------------------------------------------------------------
     0 | D:1      | Piginabag, the Formicid Monk, began the quest for the Orb.
     0 | D:1      | Reached XP level 1. HP: 19/19 MP: 1/1
   157 | D:1      | Reached XP level 2. HP: 16/24 MP: 2/2
   541 | D:1      | Reached XP level 3. HP: 16/28 MP: 3/3
  1406 | D:2      | Noticed Ijyb
  1440 | D:2      | Killed Ijyb
  1440 | D:2      | Reached XP level 4. HP: 25/34 MP: 4/4
  2085 | D:2      | Reached skill level 1 in Armour
  2085 | D:2      | Reached XP level 5. HP: 30/38 MP: 5/5
  2253 | D:3      | Killed from afar by an orc priest

Action                   |  1- 3 |  4- 6 || total
-------------------------+-------+-------++-------
Melee: Unarmed           |   159 |   101 ||   260
 Stab: Sleeping          |     1 |       ||     1
